 Dungeon Crawl Stone Soup version 0.31.0-11-ge490571c62 (webtiles) character file.

Game seed: 9177569570272508222

3776 qw the Nimble (level 9, 0/45 HPs)
             Began as a Spriggan Hunter on Feb 3, 2024.
             Was a Priest of Okawaru.
             Succumbed to Erica's bolt of poison
             ... on level 8 of the Dungeon.
             The game lasted 00:02:31 (6866 turns).

qw the Nimble (Spriggan Hunter)                     Turns: 6866, Time: 00:02:32

Health: 0/45       AC:  4    Str:  7    XL:     9   Next: 95%
Magic:  11/13      EV: 38    Int: 11    God:    Okawaru [***...]
Gold:   204        SH:  5    Dex: 22    Spells: 8/8 levels left

rFire   + . .        q - +0 orcbow
rCold   + . .        (shield currently unavailable)
rNeg    . . .        m - +2 robe {rC+ rF+}
rPois   +            (helmet restricted)
rElec   .            (no cloak)
rCorr   .            (gloves unavailable)
SInv    +            (boots unavailable)
Will    +....        g - amulet of reflection
Stlth   ++++         i - +5 ring of evasion
HPRegen 0.27/turn    a - ring of poison resistance
MPRegen 0.13/turn

%: reflection
@: lethally poisoned (0 -> -13), heroic, very quick
A: very small, no large weapons, unfitting armour, see invisible, speed 3
a: Renounce Religion, Heroism


You were on level 8 of the Dungeon.
You worshipped Okawaru.
Okawaru was most pleased with you.
You visited 2 branches of the dungeon, and saw 9 of its levels.

You collected 424 gold pieces.
You spent 220 gold pieces at shops.


Innate Abilities, Weirdness & Mutations

You are very small and have problems with some larger weapons.
You are too small for most types of armour.
You have supernaturally acute eyesight. (SInv)
You cover ground extremely quickly. (Speed+++)


   Skills:
 - Level 4.1(9.1) Fighting
 + Level 10.7(15.7) Ranged Weapons
 - Level 11.1(16.1) Dodging
 - Level 1.5(6.5) Stealth
 - Level 4.0 Invocations


You had 8 spell levels left.
You didn't know any spells.
Your spell library was empty.

Inventory:

Hand Weapons
 q - a +0 orcbow (weapon)
Armour
 e - a +2 robe of willpower
 m - a +2 robe of resistance (worn)
 o - +0 steam dragon scales
Jewellery
 a - a ring of poison resistance (right hand)
 c - a ring of protection from fire
 f - a ring of ice
 g - an amulet of reflection (around neck)
 i - a +5 ring of evasion (left hand)
Wands
 b - a wand of charming (10)
 h - a wand of acid (2)
 n - a wand of iceblast (25)
Scrolls
 p - 4 scrolls of identify
Potions
 d - 2 potions of mutation
 j - a potion of enlightenment
 k - a potion of might
 l - 3 potions of curing

Dungeon Overview and Level Annotations

Branches:
Dungeon (8/15)             Temple (1/1) D:4            Lair (0/5) D:8

Altars:
Ashenzari
Dithmenos
Elyvilon
Fedhas
Gozag
Hepliaklqana
Makhleb
Nemelex Xobeh
Okawaru
Qazlal
Ru
Sif Muna
Uskayaw
Vehumet
Wu Jian
Xom
Yredelemnul
Zin
The Shining One

Shops:
D:7 =

Annotations:
D:8 Erica


Message History

Aiming: Corrosive Bolt
Press: ? - help, Q - select action, (/) - cycle Shift-Dir - straight line, f/p - elephant The bolt of acid hits the water moccasin!
The water moccasin seems to be corroded for longer.
The water moccasin is severely wounded.
The bolt of acid hits the elephant!
The elephant seems to be corroded for longer.
The elephant is severely wounded.
You feel sick.
The water moccasin completely misses you.
Erica the Fiery-Tempered comes into view.
She is wielding a +0 scimitar of flaming and carrying a wand of acid.
The water moccasin completely misses you.
6859 ||| RETREEEEATING.
6860 ||| RETREEEEATING.
You feel sick.
The orc wizard mumbles some strange words.
The orc wizard flickers and vanishes for a moment.
Erica zaps a wand.
The bolt of acid misses you.
You hear an angry hiss.
6861 ||| INVOKING Heroism.
You gain the combat prowess of a mighty hero.
You feel sick. The water moccasin closely misses you.
You shoot an arrow. The arrow hits the water moccasin.
The water moccasin is almost dead.
You feel sick.
A basilisk comes into view.
Erica stares at you and mumbles some strange words.
The bolt of poison hits you!
You are lethally poisoned!
You resist.
The water moccasin completely misses you.
The basilisk hisses angrily.
6863 ||| RETREEEEATING.
You feel very sick.
6864 ||| RETREEEEATING.
You feel very sick.
6865 ||| RETREEEEATING.
You feel sick.
6866 ||| RETREEEEATING.
You die...

### #.. .#.# ....
#.##### # #.....### #
#.#........ ...
..###.#<..#.####....#
...........x.@.......
....#.#.#.#.####....#
.. ...#.#.So# ### ###
#.Y...# #.........#
#..P........#
...............#
........>........
##..P....l.......


You could see an elephant (corroded), Erica and a water moccasin (corroded).

Vanquished Creatures
  A deep elf pyromancer (D:7)
  Joseph (D:7)
  Maggie (D:7)
  Sigmund (D:5)
  Menkaure (D:4)
  Edmund (D:5)
  An orc warrior (D:7)
  A sky beast (D:6)
  2 black bears (D:7)
  3 ogres
  2 phantoms
  Blork the orc (D:4)
  3 bullfrogs
  2 scorpions
  A gnoll sergeant (D:7)
  5 wights
  3 howler monkeys
  2 jellies
  2 hounds
  4 orc priests
  A gnoll bouda (D:4)
  2 iguanas (D:6)
  Ijyb (D:5)
  A sleepcap (D:5)
  9 orc wizards
  10 gnolls
  6 adders
  2 shadow imps (D:7)
  2 ufetubi (D:5)
  5 dart slugs
  4 ribbon worms
  22 orcs
  9 bats
  8 endoplasms
  4 giant cockroaches
  9 goblins
  8 hobgoblins
  8 jackals
  4 quokkas
  4 ball pythons
  5 frilled lizards
  6 kobolds
  3 rats
171 creatures vanquished.

Notes
Turn   | Place    | Note
-------+----------+-------------------------------------------
     0 | D:1      | qw the Spriggan Hunter began the quest for the Orb.
     0 | D:1      | Reached XP level 1. HP: 10/10 MP: 2/2
     0 | D:1      | 0 ||| qw: Version: 0.3-a-155-g5e7d8dd
     0 | D:1      | 0 ||| qw: Game counter: 3136
     0 | D:1      | 0 ||| qw: Melee chars always use a shield: true
     0 | D:1      | 0 ||| qw: God list: Okawaru
     0 | D:1      | 0 ||| qw: Allow faded altars: false
     0 | D:1      | 0 ||| qw: Do Orc after clearing Dungeon:15 true
     0 | D:1      | 0 ||| qw: Do second Lair branch before Depths: true
     0 | D:1      | 0 ||| qw: Lair rune preference: random
     0 | D:1      | 0 ||| qw: Goals: Normal
     0 | D:1      | 0 ||| PLANNING D:1-11
    42 | D:1      | Reached skill level 3 in Dodging
   129 | D:1      | Reached XP level 2. HP: 14/14 MP: 3/3
   220 | D:1      | Reached skill level 4 in Dodging
   446 | D:1      | Reached XP level 3. HP: 18/18 MP: 4/4
   850 | D:1      | 850 ||| DROPPING ring of magical power.
   851 | D:1      | 851 ||| READING scroll labelled QITHAU WUUMIUN.
   852 | D:1      | 852 ||| READING scroll labelled AFEGIO KATU.
   884 | D:1      | 884 ||| DROPPING scroll of butterflies.
  1213 | D:2      | Reached XP level 4. HP: 22/22 MP: 5/5
  1584 | D:2      | 1584 ||| UPGRADING to amulet of reflection.
  1589 | D:2      | 1589 ||| READING 4 scrolls labelled JARO ONOCO.
  1589 | D:2      | 1589 ||| IDENTIFYING smoky purple potion
  1590 | D:2      | 1590 ||| READING 3 scrolls of identify.
  1590 | D:2      | 1590 ||| IDENTIFYING glowing ruby potion
  1591 | D:2      | 1591 ||| READING 2 scrolls of identify.
  1591 | D:2      | 1591 ||| IDENTIFYING cyan potion
  1592 | D:2      | 1592 ||| READING scroll of identify.
  1592 | D:2      | 1592 ||| IDENTIFYING clear potion
  1593 | D:2      | 1593 ||| DROPPING potion of lignification.
  1594 | D:2      | 1594 ||| DROPPING potion of ambrosia.
  1595 | D:2      | 1595 ||| DROPPING potion of invisibility.
  1716 | D:3      | Reached skill level 5 in Dodging
  1988 | D:3      | Reached XP level 5. HP: 14/26 MP: 6/6
  2108 | D:3      | Found a faded altar of an unknown god.
  2175 | D:3      | Found a hazy altar of Hepliaklqana.
  2283 | D:3      | HP: 2/26 [orc priest/divine providence (14)]
  2519 | D:3      | 2519 ||| UPGRADING to +2 robe of resistance.
  2529 | D:3      | 2529 ||| DROPPING +0 robe.
  2530 | D:3      | 2530 ||| READING scroll of identify.
  2530 | D:3      | 2530 ||| IDENTIFYING emerald potion
  2531 | D:3      | 2531 ||| READING scroll labelled MEUNEA NAFUN.
  2532 | D:3      | 2532 ||| READING scroll labelled HOPEKIHEIR.
  2590 | D:4      | Reached skill level 6 in Ranged Weapons
  2600 | D:4      | 2600 ||| FLEEEEING.
  2601 | D:4      | 2601 ||| FLEEEEING.
  2603 | D:4      | 2603 ||| FLEEEEING.
  2604 | D:4      | 2604 ||| FLEEEEING.
  2609 | D:4      | 2609 ||| STAIRDANCE
  2620 | D:3      | 2620 ||| READING scroll labelled AGIOQU APPYTH.
  2702 | D:4      | Reached XP level 6. HP: 30/30 MP: 7/7
  2721 | D:4      | Noticed Menkaure
  2730 | D:4      | Killed Menkaure
  2731 | D:4      | Reached skill level 6 in Dodging
  2897 | D:4      | Found a staircase to the Ecumenical Temple.
  2898 | D:4      | 2898 ||| PLANNING TEMPLE
  2898 | D:4      | 2898 ||| READING 2 scrolls of identify.
  2898 | D:4      | 2898 ||| IDENTIFYING yellow potion
  2899 | D:4      | 2899 ||| READING scroll of identify.
  2899 | D:4      | 2899 ||| IDENTIFYING dark potion
  2900 | D:4      | 2900 ||| READING 2 scrolls labelled DYOSCH KYERRA.
  2901 | D:4      | 2901 ||| DROPPING scroll of poison.
  2903 | D:4      | 2903 ||| Stepping ~*~*~tactically~*~*~ (cloud).
  3028 | Temple   | Entered the Ecumenical Temple
  3029 | Temple   | 3029 ||| PLANNING OKAWARU WORSHIP
  3032 | Temple   | Became a worshipper of Warmaster Okawaru
  3033 | Temple   | 3033 ||| PLANNING D:1-11
  3184 | D:4      | Found a stormy altar of Qazlal.
  3232 | D:4      | Reached XP level 7. HP: 35/35 MP: 8/8
  3703 | D:4      | Noticed Blork the orc
  3711 | D:4      | 3711 ||| ZAPPING wand of acid (9) at 0,-2 (Blork the orc;
                  | stone_stairs_down_iii).
  3712 | D:4      | 3712 ||| ZAPPING wand of acid (8) at 0,-1 (Blork the orc;
                  | floor).
  3713 | D:4      | 3713 ||| ZAPPING wand of acid (7) at 0,-1 (Blork the orc;
                  | floor).
  3713 | D:4      | Killed Blork the orc
  3714 | D:4      | Reached skill level 7 in Dodging
  3848 | D:5      | Entered Level 5 of the Dungeon
  3848 | D:5      | Found a shimmering altar of Xom.
  3862 | D:5      | Noticed Ijyb
  3879 | D:5      | Killed Ijyb
  3931 | D:5      | Reached * piety under Okawaru
  3957 | D:5      | Reached skill level 1 in Invocations
  4249 | D:5      | Noticed Sigmund
  4250 | D:5      | 4250 ||| INVOKING Heroism.
  4255 | D:5      | Killed Sigmund
  4256 | D:5      | Reached XP level 8. HP: 39/39 MP: 7/11
  4303 | D:5      | Reached skill level 3 in Invocations
  4303 | D:5      | Identified the +7 ring mail "Zyttotem" {Dex+3}
  4308 | D:5      | 4308 ||| UPGRADING to +5 ring of evasion.
  4309 | D:5      | 4309 ||| READING scroll of identify.
  4309 | D:5      | 4309 ||| IDENTIFYING metallic yellow potion
  4310 | D:5      | 4310 ||| READING scroll labelled WIOZ HYESIB.
  4311 | D:5      | Found a basalt altar of Yredelemnul.
  4324 | D:5      | Noticed Edmund
  4333 | D:5      | HP: 2/39 [ogre/+0 giant spiked club (34)]
  4334 | D:5      | 4334 ||| DRINKING 2 potions of heal wounds.
  4354 | D:5      | Killed Edmund
  4663 | D:6      | Reached skill level 3 in Fighting
  4692 | D:6      | Reached skill level 8 in Dodging
  4764 | D:6      | Reached ** piety under Okawaru
  5116 | D:6      | Reached skill level 9 in Ranged Weapons
  5276 | D:6      | Reached skill level 9 in Dodging
  5292 | D:6      | Reached XP level 9. HP: 37/44 MP: 13/13
  5488 | D:6      | 5488 ||| READING 3 scrolls of identify.
  5488 | D:6      | 5488 ||| IDENTIFYING glowing white potion
  5489 | D:6      | 5489 ||| READING 2 scrolls of identify.
  5489 | D:6      | 5489 ||| IDENTIFYING scroll labelled FECZUMEEXT
  5490 | D:6      | 5490 ||| DROPPING wand of flame (24).
  5491 | D:6      | 5491 ||| DROPPING scroll of fog.
  5492 | D:6      | 5492 ||| DROPPING potion of degeneration.
  5517 | D:7      | Noticed a deep elf pyromancer
  5518 | D:7      | 5518 ||| INVOKING Heroism.
  5521 | D:7      | Noticed Maggie
  5525 | D:7      | 5525 ||| RETREEEEATING.
  5526 | D:7      | 5526 ||| RETREEEEATING.
  5527 | D:7      | 5527 ||| RETREEEEATING.
  5528 | D:7      | 5528 ||| RETREEEEATING.
  5529 | D:7      | 5529 ||| RETREEEEATING.
  5531 | D:7      | 5531 ||| RETREEEEATING.
  5539 | D:7      | 5539 ||| ZAPPING wand of acid (6) at 2,1 (black bear;
                  | floor).
  5547 | D:7      | HP: 10/44 [fire elemental[a deep elf pyromancer] (4)]
  5548 | D:7      | 5548 ||| READING scroll of teleportation.
  5549 | D:7      | 5549 ||| DRINKING potion of heal wounds.
  5572 | D:7      | 5572 ||| INVOKING Heroism.
  5595 | D:7      | Killed a deep elf pyromancer
  5595 | D:7      | Reached *** piety under Okawaru
  5597 | D:7      | 5597 ||| INVOKING Heroism.
  5605 | D:7      | Killed Maggie
  5611 | D:7      | Noticed Joseph
  5612 | D:7      | 5612 ||| FLEEEEING.
  5613 | D:7      | 5613 ||| FLEEEEING.
  5624 | D:7      | 5624 ||| INVOKING Heroism.
  5627 | D:7      | 5627 ||| FLEEEEING.
  5629 | D:7      | 5629 ||| FLEEEEING.
  5630 | D:7      | 5630 ||| FLEEEEING.
  5632 | D:7      | 5632 ||| FLEEEEING.
  5633 | D:7      | 5633 ||| FLEEEEING.
  5634 | D:7      | 5634 ||| FLEEEEING.
  5636 | D:7      | 5636 ||| FLEEEEING.
  5637 | D:7      | 5637 ||| FLEEEEING.
  5639 | D:7      | 5639 ||| STAIRDANCE
  5746 | D:7      | 5746 ||| INVOKING Heroism.
  5760 | D:7      | Killed Joseph
  5761 | D:7      | Reached skill level 10 in Dodging
  5786 | D:7      | 5786 ||| STAIRDANCE
  5793 | D:7      | 5793 ||| STAIRDANCE
  5845 | D:7      | 5845 ||| STAIRDANCE
  5868 | D:6      | HP: 10/44 [wight/+0 mace (11)]
  5869 | D:6      | HP: 1/42 [wight/+0 mace (6)]
  6230 | D:7      | Reached skill level 11 in Dodging
  6492 | D:7      | HP: 10/45 [gnoll sergeant/+0 spear (2)]
  6493 | D:7      | 6493 ||| DRINKING potion of heal wounds.
  6598 | D:7      | 6598 ||| SWAPPING to +0 orcbow.
  6599 | D:7      | 6599 ||| DROPPING +0 shortbow.
  6759 | D:7      | Found Gupna's Jewellery Emporium.
  6765 | D:7      | 6765 ||| BUYING ring of poison resistance (220 gold).
  6765 | D:7      | Bought a ring of poison resistance for 220 gold pieces
  6765 | D:7      | 6765 ||| SHOPLISTING ring of positive energy (220 gold,
                  | have 204).
  6765 | D:7      | 6765 ||| SHOPLISTING ring of the Zebra {rPois Will+ Dex+6}
                  | (580 gold, have 204).
  6765 | D:7      | 6765 ||| UPGRADING to ring of poison resistance.
  6776 | D:8      | 6776 ||| STAIRDANCE
  6799 | D:8      | 6799 ||| STAIRDANCE
  6842 | D:8      | Noticed an elephant
  6843 | D:8      | 6843 ||| STAIRDANCE
  6853 | D:8      | 6853 ||| RETREEEEATING.
  6853 | D:8      | Found a staircase to the Lair.
  6854 | D:8      | 6854 ||| RETREEEEATING.
  6855 | D:8      | 6855 ||| RETREEEEATING.
  6856 | D:8      | 6856 ||| ZAPPING wand of acid (5) at 0,-2 (elephant;
                  | floor).
  6857 | D:8      | 6857 ||| ZAPPING wand of acid (4) at 0,-2 (elephant;
                  | floor).
  6858 | D:8      | 6858 ||| ZAPPING wand of acid (3) at 0,-2 (elephant;
                  | floor).
  6858 | D:8      | Noticed Erica
  6859 | D:8      | 6859 ||| RETREEEEATING.
  6860 | D:8      | 6860 ||| RETREEEEATING.
  6861 | D:8      | 6861 ||| INVOKING Heroism.
  6862 | D:8      | HP: 9/45 [Erica/bolt of poison (10)]
  6863 | D:8      | 6863 ||| RETREEEEATING.
  6864 | D:8      | 6864 ||| RETREEEEATING.
  6864 | D:8      | HP: 4/45 [poisoned by Erica (bolt of poison)]
  6865 | D:8      | 6865 ||| RETREEEEATING.
  6866 | D:8      | 6866 ||| RETREEEEATING.
  6866 | D:8      | Succumbed to Erica's bolt of poison

Levels and vault maps discovered:
D:1:      lightli_arrival_boilingwater, layout_basic, nicolae_the_louvre
D:2:      layout_loops_ring, minmay_pentomino_o4
D:3:      layout_loops_ring, nicolae_hepliaklqana_hippocampus,
          ebering_ecumenical_altar_sacrificial
D:4:      layout_loops_corners, mainiacjoe_overflow_24_doors, temple_fountains,
          minmay_fractal_squares_diagonal_5, uniq_blork_the_orc, uniq_menkaure
D:5:      layout_basic, amcnicky_altar_gilded, xom_teletrap_fun, uniq_sigmund,
          uniq_ijyb, uniq_edmund
D:6:      layout_basic
D:7:      layout_cave_pools, serial_shops, nicolae_shop_pleasant_corner_grove,
          minmay_diced_spiral, uniq_joseph, uniq_maggie
D:8:      layout_basic, david_lair_generic, uniq_grum, uniq_erica
Temple:   nicolae_temple_bog_church

Skill      XL: |  1  2  3  4  5  6  7  8  9 |
---------------+----------------------------+-----
Dodging        | 3 4 5 6 7 9 11 | 11.1
Ranged Weapons | 5 6 8 9 10 | 10.7
Fighting       | 2 3 4 |  4.1
Invocations    | 2 4 |  4.0
Stealth        | |  1.5

Action                     |  1- 3 |  4- 6 |  7- 9 || total
---------------------------+-------+-------+-------++-------
   Fire: Shortbow          |   120 |   197 |   518 ||   835
         Orcbow            |       |       |    17 ||    17
 Invoke: Heroism           |       |       |     7 ||     7
  Evoke: Wand              |       |       |     7 ||     7
    Use: Scroll            |     2 |    11 |     5 ||    18
         Potion            |       |       |     3 ||     3
 Armour: Robe              |    11 |    21 |   103 ||   135
  Dodge: Dodged            |    29 |    63 |   323 ||   415
  Block: Other             |       |    16 |    64 ||    80
         Reflection        |       |     1 |     5 ||     6

Table legend:
 A = Non-vault XP
 B = Vault XP
 C = Vault XP percentage of total XP
 D = Non-vault monster count
 E = Vault monster count
 F = Vault count percentage of total count
                 A         B        C        D         E       F
            +---------+---------+-------+---------+---------+-------
      Total |    3442 |    1953 |  36.2 |     150 |      21 |  12.3
            +---------+---------+-------+---------+---------+-------
        D:1 |      46 |       0 |   0.0 |      28 |       0 |   0.0
        D:2 |      60 |      17 |  22.1 |      18 |       3 |  14.3
        D:3 |     152 |       0 |   0.0 |      26 |       0 |   0.0
        D:4 |     332 |     355 |  51.7 |      20 |       9 |  31.0
        D:5 |     555 |     414 |  42.7 |      15 |       3 |  16.7
        D:6 |    1256 |       0 |   0.0 |      27 |       0 |   0.0
        D:7 |    1041 |    1167 |  52.9 |      16 |       6 |  27.3
            +---------+---------+-------+---------+---------+-------
